Map: Prion Terraces

Players

AiLillekanin (Lillekanin)

  • Race: Terran Terran
  • League: Master

LiquidMaNa (MaNa) - Winner!

  • Race: Protoss Protoss
  • League: Grandmaster

Event: Corsair Cup 14

VOD

Have the link to the VOD?

Description

Time

  • Played on: March 21, 2016, 1:25 p.m.
  • Length: 6:55
Show
View Real Time Build Order
Export as new Build Order

AiLillekanin Terran 

Build Orders: MMM Bio 

Get SALT Encoding   

  12  0:28  SCV  
  13  0:38  Supply Depot  
  13  0:41  Refinery  
  13  0:43  SCV  
  14  0:55  SCV  
  15  1:02  Barracks  
  15  1:07  SCV  
  16  1:15  Barracks  
  16  1:19  SCV  
  17  1:31  SCV  
  19  1:49  Marine, Orbital Command  
  19  1:57  Factory  
  19  1:58  Refinery  
  19  2:13  Supply Depot  
  19  2:15  Marine  
  20  2:17  Barracks Tech Lab, SCV  
  20  2:22  Bunker  
  21  2:29  SCV  
  22  2:37  Marine  
  22  2:38  Barracks Reactor  
  22  2:41  SCV  
  24  2:44  Starport  
  24  2:55  Widow Mine  
  27  3:02  Stimpack  
  26  3:08  Supply Depot  
  26  3:13  Marauder  
  26  3:15  Barracks  
  28  3:20  Engineering Bay  
  28  3:24  Widow Mine  
  30  3:31  Marine  
  30  3:32  Marine  
  32  3:38  SCV  
  33  3:42  Marine  
  34  3:49  Marine  
  34  3:51  Marine  
  34  3:55  Missile Turret  
  38  3:58  Medivac  
  34  4:04  Marine  
  34  4:08  Supply Depot  
  35  4:14  Marine, Liberator  
  35  4:15  Marauder  
  38  4:20  Factory Tech Lab  
  38  4:27  Barracks Tech Lab, Marine  
  39  4:36  Marauder  
  44  4:42  Siege Tank  
  46  4:46  Marine  
  47  4:53  Supply Depot, Marine  
  47  4:55  Concussive Shells  
  47  4:56  Marine  
  49  5:01  Marine  
  49  5:03  Marine  
  51  5:11  Supply Depot  
  51  5:12  Combat Shields  
  48  5:26  Marine  
  48  5:27  Marauder  
  51  5:30  Marine  
  51  5:35  Marine  
  53  5:44  Marine  
  53  5:48  Marine, Marauder  
  57  5:51  Liberator  
  57  5:54  Marauder  
  59  5:59  Factory Tech Lab  
  55  6:05  Marine  
  55  6:06  Marine  
  55  6:09  Marine  
  61  6:17  Marauder  
  60  6:28  Marine  
Show
View Real Time Build Order
Export as new Build Order

LiquidMaNa Protoss - Winner!

Build Orders: 1 Gate Expand 

Get SALT Encoding   

  12  0:00  Probe (Chrono Boost)  
  13  0:11  Probe (Chrono Boost)  
  14  0:18  Pylon  
  14  0:22  Probe (Chrono Boost)  
  15  0:37  Probe (Chrono Boost)  
  15  0:38  Gateway  
  15  0:41  Assimilator  
  16  0:47  Probe (Chrono Boost)  
  17  0:58  Probe (Chrono Boost)  
  18  1:08  Probe (Chrono Boost)  
  19  1:22  Nexus  
  19  1:25  Probe (Chrono Boost)  
  20  1:35  Cybernetics Core  
  20  1:38  Probe (Chrono Boost)  
  21  1:44  Assimilator  
  21  1:48  Probe (Chrono Boost)  
  22  1:57  Pylon  
  22  1:59  Probe (Chrono Boost)  
  23  2:08  Pylon  
  23  2:15  Stalker (Chrono Boost), Warp Gate  
  25  2:18  Probe  
  26  2:30  Probe  
  27  2:39  Robotics Facility, Probe  
  27  2:44  Probe (Chrono Boost)  
  29  2:47  Stalker (Chrono Boost)  
  31  2:57  Mothership Core (Chrono Boost)  
  33  3:03  Probe (Chrono Boost)  
  34  3:06  Pylon  
  34  3:12  Stalker  
  34  3:15  Gateway  
  36  3:26  Probe x2 (Chrono Boost), Observer (Chrono Boost)  
  38  3:36  Gateway  
  38  3:37  Probe  
  38  3:38  Probe  
  38  3:39  Stalker  
  40  3:47  Assimilator  
  42  3:49  Probe  
  42  3:50  Probe  
  42  3:51  Pylon  
  44  4:01  Probe  
  44  4:02  Probe  
  46  4:06  Immortal (Chrono Boost)  
  50  4:16  Pylon  
  50  4:20  Stalker x2  
  54  4:25  Pylon  
  54  4:30  Pylon  
  54  4:33  Probe x2  
  56  4:42  Immortal (Chrono Boost)  
  56  4:45  Sentry  
  62  4:47  Probe x2  
  62  4:52  Adept x2  
  68  4:58  Pylon  
  68  5:02  Probe x2  
  70  5:14  Pylon  
  70  5:17  Immortal (Chrono Boost)  
  74  5:23  Stalker x2  
  74  5:24  Stalker  
  80  5:34  Probe x2  
  82  5:38  Pylon  
  78  5:50  Observer (Chrono Boost)  
  78  5:51  Stalker x3  
  78  5:53  Probe x2  
  83  6:09  Immortal (Chrono Boost)  
  86  6:15  Stalker x2  
  86  6:16  Stalker  
  86  6:17  Probe x2  
  90  6:26  Pylon  
  90  6:35  Probe  
  90  6:38  Probe  
Tags
 
Add a new tag
Caveats
  • Supply blocks, unpowered buildings, or Contaminate may cause inaccurate times.
  • Supply counts are checked every 10 seconds.